Map: [ESL] Crimson Court

Players

NightMare - Winner!

  • Race: Protoss Protoss
  • Spawn Location: 7:00

Cure

  • Race: Terran Terran
  • Spawn Location: 1:00

Event: ESL Spring 2024 Finals

VOD

Have the link to the VOD?

Description

Time

  • Played on: June 1, 2024, 11:35 a.m.
  • Length: 23:32

All games in this series

Show
View Real Time Build Order
Export as new Build Order

NightMare Protoss - Winner!

Build Orders: 1 Gate Expand, Phoenix Opening, Carriers 

Get SALT Encoding   

  12  0:00  Probe  
  13  0:12  Probe  
  14  0:17  Pylon  
  14  0:24  Probe (Chrono Boost)  
  15  0:36  Gateway, Probe (Chrono Boost)  
  16  0:44  Probe (Chrono Boost)  
  16  0:46  Assimilator  
  17  0:50  Probe  
  18  1:03  Probe  
  19  1:15  Probe  
  20  1:23  Cybernetics Core  
  22  1:27  Probe  
  21  1:35  Nexus  
  21  1:42  Pylon  
  21  1:45  Probe  
  22  1:52  Assimilator  
  22  1:57  Adept (Chrono Boost), Probe  
  25  2:09  Probe  
  26  2:22  Probe  
  27  2:24  Stargate  
  27  2:28  Adept  
  29  2:33  Shield Battery  
  29  2:34  Probe  
  30  2:40  Shield Battery  
  30  2:43  Warp Gate  
  30  2:46  Probe  
  30  2:47  Probe  
  32  2:58  Adept, Probe  
  34  2:59  Probe  
  36  3:08  Phoenix (Chrono Boost)  
  36  3:12  Probe x2  
  40  3:20  Pylon  
  40  3:24  Phoenix  
  40  3:26  Probe  
  43  3:29  Probe  
  44  3:38  Probe  
  45  3:41  Probe  
  45  3:44  Gateway  
  45  3:48  Phoenix (Chrono Boost)  
  46  3:52  Gateway  
  46  3:54  Probe  
  50  3:55  Probe  
  49  4:03  Pylon  
  49  4:04  Phoenix  
  49  4:08  Probe  
  49  4:09  Probe  
  53  4:19  Twilight Council, Pylon  
  53  4:22  Probe x2  
  53  4:34  Probe x2  
  53  4:35  Adept  
  55  4:39  Assimilator, Adept  
  55  4:42  Pylon  
  57  4:47  Stalker  
  57  4:48  Probe x2  
  61  5:03  Stalker x2  
  60  5:15  Pylon  
  60  5:17  Stalker  
  56  5:24  Charge (Chrono Boost)  
  56  5:25  Probe  
  56  5:26  Probe  
  58  5:29  Stalker x2  
  58  5:31  Nexus  
  62  5:39  Shield Battery  
  62  5:40  Gateway  
  62  5:47  Gateway  
  62  5:48  Gateway  
  62  5:54  Stalker x2  
  62  5:56  Stalker  
  68  6:07  Gateway, Pylon  
  68  6:09  Probe x2  
  69  6:19  Zealot x2  
  69  6:21  Probe x2  
  73  6:32  Zealot  
  75  6:35  Robotics Facility, Probe x2  
  75  6:39  Zealot x2  
  81  6:42  Zealot  
  81  6:43  Probe  
  84  6:50  Probe  
  84  6:51  Templar Archives, Probe  
  86  6:54  Zealot  
  86  6:55  Probe  
  89  7:02  Pylon  
  89  7:07  Psionic Storm  
  87  7:11  Zealot x5  
  87  7:13  Zealot  
  87  7:15  Probe x2  
  95  7:18  Unknown, Probe  
  95  7:20  Zealot  
  98  7:23  Observer (Chrono Boost)  
  98  7:24  Pylon  
  99  7:31  Probe x3  
  102  7:37  High Templar  
  102  7:38  Zealot x2  
  102  7:40  Zealot, High Templar  
  112  7:45  Zealot x2  
  112  7:49  Pylon  
  112  7:51  Warp Prism (Chrono Boost)  
  116  7:52  Blink (Chrono Boost)  
  118  7:59  Zealot  
  120  8:06  Pylon  
  120  8:10  High Templar  
  120  8:12  Zealot x4  
  128  8:14  High Templar  
  130  8:24  Pylon x2  
  130  8:25  Nexus  
  130  8:33  Shield Battery  
  130  8:37  Observer  
  130  8:38  Zealot x4  
  138  8:42  Pylon  
  138  8:45  Pylon  
  138  8:52  Zealot x3  
  144  9:00  Gateway  
  144  9:02  Observer (Chrono Boost)  
  145  9:04  Gateway x2  
  145  9:06  Forge  
  145  9:08  Forge  
  145  9:17  Zealot x3  
  145  9:18  Observer, High Templar x2  
  145  9:21  High Templar x2  
  160  9:32  Pylon  
  160  9:35  Pylon  
  160  9:37  Probe x3  
  160  9:38  Probe  
  161  9:49  Protoss Ground Weapons Level 1 (Chrono Boost)  
  161  9:50  Zealot x3, Protoss Ground Armor Level 1 (Chrono Boost)  
  165  9:59  Nexus  
  165  10:00  Pylon  
  165  10:01  Zealot x5  
  165  10:07  Observer (Chrono Boost)  
  174  10:11  Robotics Bay  
  175  10:16  Zealot x3  
  181  10:26  Zealot x5  
  191  10:38  Robotics Facility  
  191  10:39  High Templar  
  191  10:40  Probe x3  
  191  10:41  Probe  
  197  10:44  Shield Battery, High Templar, Gateway  
  197  10:45  Gateway  
  199  10:59  Observer  
  197  11:06  Extended Thermal Lance (Chrono Boost)  
  169  11:13  Zealot x9  
  174  11:22  Photon Cannon  
  174  11:25  Photon Cannon x2  
  174  11:26  Observer x2, Photon Cannon x2  
  177  11:32  Assimilator, Probe  
  177  11:33  Probe x4  
  177  11:34  Assimilator  
  177  11:38  Zealot x5  
  191  11:46  Protoss Ground Armor Level 2 (Chrono Boost), Protoss Ground Weapons Level 2 (Chrono Boost)  
  189  11:48  Zealot  
  189  11:49  Zealot x5  
  189  11:50  Observer  
  200  11:59  Assimilator  
  199  12:23  Fleet Beacon  
  199  12:30  Stargate  
  199  12:33  Observer  
  199  12:34  Gateway  
  199  12:35  Stargate  
  199  12:36  Gateway  
  199  12:39  Protoss Air Weapons Level 1  
  199  12:40  Gateway  
  193  12:57  Colossus (Chrono Boost)  
  198  13:00  Observer  
  194  13:15  Zealot x3  
  197  13:38  Colossus (Chrono Boost)  
  191  13:48  Protoss Ground Armor Level 3 (Chrono Boost), Protoss Ground Weapons Level 3 (Chrono Boost)  
  195  13:54  Nexus  
  195  13:56  Nexus  
  195  13:57  Pylon  
  195  14:00  Pylon  
  195  14:08  Assimilator  
  193  14:13  Assimilator, Observer (Chrono Boost)  
  190  14:21  Carrier x3 (Chrono Boost)  
  194  14:33  Stalker x4  
  194  14:37  Gravitic Boosters  
  195  14:52  Photon Cannon  
  195  14:54  Photon Cannon  
  195  14:55  Photon Cannon  
  195  14:56  Shield Battery  
  195  14:57  Shield Battery  
  195  14:58  Photon Cannon  
  195  14:59  Photon Cannon  
  195  15:01  Photon Cannon  
  195  15:02  Shield Battery x2  
  195  15:03  Photon Cannon  
  191  15:07  Pylon  
  191  15:13  Archon  
  183  15:17  Warp Prism  
  183  15:20  Carrier x2 (Chrono Boost)  
  183  15:21  Carrier (Chrono Boost)  
  181  15:22  Protoss Air Weapons Level 2  
  195  15:40  High Templar x2  
  199  15:47  Observer  
  192  15:53  Observer  
  183  16:01  Zealot x6  
  183  16:02  Zealot x2  
  199  16:05  Observer  
  199  16:08  Protoss Shields Level 1 (Chrono Boost)  
  200  16:13  Photon Cannon  
  200  16:14  Photon Cannon  
  200  16:15  Photon Cannon  
  198  16:24  High Templar  
  198  16:40  High Templar  
  190  16:55  Stalker x3  
  190  16:56  Stalker x2  
  198  17:07  Stalker x2  
  199  17:24  Void Ray (Chrono Boost)  
  199  17:32  Observer  
  192  17:46  Zealot x8  
  192  17:47  Zealot  
  192  17:50  Protoss Shields Level 2 (Chrono Boost), High Templar  
  193  18:08  Protoss Air Weapons Level 3 (Chrono Boost)  
  168  18:20  Stalker x13  
  181  18:41  Stalker  
  181  18:42  Stalker  
  181  18:46  Stalker x3  
  181  18:47  Stalker x4  
  197  19:05  Archon  
  193  19:13  Assimilator x2  
  193  19:14  Observer x2 (Chrono Boost)  
  195  19:20  High Templar x2  
  192  19:35  Photon Cannon  
  192  19:36  Photon Cannon  
  188  19:50  Stalker x5  
  188  19:51  Stalker x3  
  188  20:23  Observer  
  187  20:30  Protoss Shields Level 3 (Chrono Boost)  
  187  20:34  Stalker x9  
  187  20:35  Stalker x2  
  199  20:40  Protoss Air Armor Level 1 (Chrono Boost)  
  199  20:48  Nexus  
  199  20:50  Pylon  
  198  21:26  Zealot  
  198  21:30  Dark Shrine  
  192  21:44  Zealot x2  
  192  21:45  Zealot  
  182  22:08  Stalker x5  
  189  22:18  Zealot x6  
  199  22:24  Observer (Chrono Boost)  
  198  22:31  Assimilator  
  198  22:33  Assimilator  
  196  22:45  High Templar x2  
  196  22:49  Nexus  
  200  22:58  Stalker x2  
  198  22:59  Stalker  
  187  23:06  Archon  
  187  23:12  Stalker x9  
  163  23:21  Stalker x5  
Show
View Real Time Build Order
Export as new Build Order

Cure Terran 

Build Orders:  

Get SALT Encoding   

  12  0:00  SCV  
  13  0:12  SCV  
  14  0:17  Supply Depot  
  14  0:24  SCV  
  15  0:38  SCV  
  15  0:39  Barracks  
  16  0:44  Refinery  
  16  0:50  SCV  
  16  0:52  Refinery  
  17  1:02  SCV  
  18  1:14  SCV  
  19  1:26  Reaper  
  19  1:27  Orbital Command  
  19  1:28  Supply Depot  
  20  1:41  Factory  
  20  1:53  SCV  
  21  1:58  Reaper  
  22  2:05  SCV  
  23  2:16  Command Center  
  23  2:19  SCV  
  24  2:25  Hellion  
  26  2:31  SCV, Reaper  
  28  2:39  Supply Depot  
  28  2:43  SCV  
  29  2:46  Hellion  
  31  2:55  Starport  
  31  3:00  SCV  
  32  3:08  Widow Mine  
  32  3:09  Barracks Reactor  
  35  3:12  SCV  
  35  3:24  SCV  
  36  3:29  Orbital Command  
  36  3:36  Medivac  
  36  3:37  SCV  
  36  3:39  Cyclone  
  40  3:45  Marine x2  
  42  3:49  SCV  
  42  3:51  Supply Depot  
  44  3:55  SCV  
  44  4:01  SCV  
  45  4:03  Marine x2  
  45  4:07  Supply Depot, SCV  
  45  4:08  Viking  
  50  4:12  Cyclone  
  50  4:16  SCV  
  53  4:19  SCV  
  53  4:23  Marine x2  
  56  4:29  SCV  
  56  4:32  SCV  
  56  4:37  Supply Depot  
  57  4:40  Liberator  
  57  4:41  Marine x2  
  57  4:44  SCV x2, Cyclone  
  66  4:46  Supply Depot  
  65  4:56  SCV x2  
  65  4:59  Marine x2  
  63  5:08  SCV x2  
  63  5:17  Marine x2  
  63  5:19  Cyclone  
  63  5:20  SCV x2  
  64  5:23  Viking  
  66  5:32  SCV  
  66  5:33  SCV  
  66  5:34  Marine  
  66  5:35  Marine  
  69  5:39  Command Center  
  67  5:45  Barracks  
  67  5:46  Barracks  
  67  5:48  SCV x2  
  69  5:52  Marine x2, Factory Tech Lab  
  71  5:58  Starport Tech Lab  
  71  6:00  Viking  
  71  6:03  SCV x2  
  75  6:05  Bunker  
  75  6:10  Marine x2  
  78  6:11  Siege Tank  
  78  6:15  SCV x2  
  76  6:27  SCV  
  76  6:28  Marine x2  
  74  6:33  Supply Depot, SCV, Engineering Bay x2  
  74  6:34  Refinery  
  74  6:36  Refinery  
  74  6:38  Barracks Tech Lab  
  74  6:39  SCV  
  76  6:40  Starport Reactor  
  76  6:46  Marine x2  
  75  6:49  SCV  
  75  6:51  SCV, Barracks  
  75  6:52  Supply Depot, Barracks  
  77  6:56  Factory Reactor  
  77  6:59  Marine, Stimpack  
  78  7:03  SCV x2, Marine  
  78  7:04  Marine  
  80  7:14  Terran Infantry Weapons Level 1, Terran Infantry Armor Level 1  
  79  7:17  Marine  
  79  7:18  Orbital Command, Missile Turret  
  79  7:21  Marine x2  
  82  7:23  Marauder  
  82  7:28  Combat Shield, Medivac x2  
  88  7:30  SCV x2  
  88  7:35  Marauder  
  91  7:39  Marine x2  
  91  7:42  Barracks Tech Lab, Barracks Reactor  
  93  7:45  Missile Turret, Marauder  
  93  7:46  SCV x2  
  93  7:47  SCV  
  93  7:49  Supply Depot  
  93  7:50  Missile Turret  
  98  7:57  Marine x2, Marauder, Widow Mine x2  
  105  8:01  Supply Depot, Concussive Shells, Marauder  
  105  8:05  SCV x2  
  109  8:06  Marauder  
  109  8:12  Medivac x2  
  115  8:13  Supply Depot  
  115  8:15  Marine x2  
  115  8:17  SCV x2  
  115  8:18  Marauder  
  121  8:20  Ghost Academy  
  121  8:25  Orbital Command  
  121  8:26  Marauder  
  126  8:27  Marauder, Widow Mine x2  
  126  8:29  SCV x2  
  126  8:30  Marine x2  
  132  8:36  Supply Depot  
  132  8:43  SCV x2  
  134  8:48  Ghost x2  
  134  8:54  SCV  
  134  8:55  SCV x2, Refinery  
  141  8:57  Refinery  
  141  8:58  Supply Depot, Missile Turret  
  141  9:04  Ghost  
  141  9:08  Supply Depot x2  
  143  9:13  Medivac  
  145  9:20  Ghost  
  145  9:24  Command Center  
  147  9:29  Ghost  
  149  9:31  Supply Depot  
  149  9:34  Marine x4  
  151  9:42  Ghost  
  150  9:48  SCV x3  
  150  9:49  Marauder  
  150  9:52  Marine x4  
  157  9:55  Missile Turret  
  157  9:59  Marauder, Viking x2  
  163  10:05  Widow Mine x2  
  167  10:08  Supply Depot  
  167  10:09  Supply Depot  
  167  10:10  Marine x2  
  167  10:11  Marauder  
  167  10:12  Armory  
  171  10:19  Sensor Tower  
  171  10:21  Marauder  
  173  10:30  Marine x2, Marauder, Viking x2  
  181  10:37  Bunker  
  181  10:45  Marine x2, Ghost x2  
  181  10:47  Marine x2  
  189  10:50  Missile Turret  
  189  10:58  Barracks  
  189  11:00  Barracks  
  189  11:03  Barracks  
  189  11:10  Marine x2  
  189  11:11  Marine x2, Marauder  
  193  11:13  Viking x2  
  193  11:14  Marauder  
  199  11:20  Terran Infantry Weapons Level 2  
  199  11:21  Terran Infantry Armor Level 2  
  199  11:25  Missile Turret  
  199  11:32  Missile Turret  
  199  11:43  Terran Ship Weapons Level 1  
  199  11:45  Planetary Fortress  
  199  11:59  Barracks Tech Lab x2  
  199  12:00  Missile Turret, Barracks Reactor  
  199  12:03  Sensor Tower  
  199  12:25  Command Center  
  199  12:26  Refinery x2  
  199  12:30  Missile Turret  
  199  12:31  Command Center  
  199  12:32  Missile Turret  
  195  12:40  Ghost x3  
  199  12:52  Fusion Core  
  199  12:54  Starport  
  199  12:58  Factory Reactor  
  199  13:02  Starport  
  191  13:13  Viking x2  
  195  13:22  Missile Turret  
  192  13:37  Missile Turret  
  192  13:40  Liberator x2  
  193  13:44  Terran Infantry Armor Level 3, Terran Infantry Weapons Level 3  
  193  13:45  Advanced Ballistics  
  193  13:46  Terran Ship Weapons Level 2  
  192  13:49  Liberator  
  192  13:50  Orbital Command, Liberator  
  197  13:56  Command Center  
  197  14:03  Command Center  
  197  14:08  Liberator  
  198  14:11  Missile Turret  
  196  14:17  Planetary Fortress  
  196  14:20  Viking  
  196  14:23  Viking  
  200  14:29  Factory Reactor  
  200  14:31  Starport  
  200  14:55  Missile Turret, Sensor Tower  
  200  14:57  Caduceus Reactor  
  200  15:23  Orbital Command  
  200  15:27  Personal Cloaking  
  198  15:35  Liberator  
  198  15:45  Sensor Tower  
  188  15:58  Liberator  
  188  15:59  Liberator x3, Ghost x2  
  188  16:01  Missile Turret  
  200  16:04  Missile Turret  
  200  16:06  Planetary Fortress  
  200  16:14  Terran Ship Weapons Level 3  
  198  16:18  Ghost  
  198  16:21  Neosteel Armor  
  198  16:22  Hi-Sec Auto Tracking  
  198  16:35  Command Center  
  198  16:36  Refinery  
  198  16:37  Refinery  
  198  16:39  Sensor Tower  
  196  16:44  Liberator  
  199  16:53  Nuke  
  187  16:54  Liberator  
  187  16:55  Orbital Command, Liberator, Viking x3  
  200  17:12  Missile Turret  
  199  17:25  Viking  
  199  17:26  Viking x2  
  197  17:40  Starport, Viking x3  
  197  17:41  Factory Reactor  
  197  17:42  Viking  
  198  17:45  Bunker  
  198  17:46  Viking  
  198  17:48  Orbital Command  
  198  17:51  SCV x2, Command Center  
  194  17:52  SCV  
  194  17:53  SCV x2  
  194  17:57  Ghost Academy  
  199  18:04  Sensor Tower  
  187  18:15  Marine x2, Ghost  
  187  18:16  Marine x2, Marauder x2  
  186  18:25  Bunker  
  183  18:28  Liberator x2, Viking x2  
  187  18:50  Missile Turret  
  187  18:51  Terran Vehicle And Ship Armor Level 1  
  185  18:59  Marine x4  
  185  19:04  Viking x3  
  185  19:09  Nuke x2  
  188  19:12  Orbital Command  
  196  19:17  Marine  
  196  19:19  Liberator x2, Viking x2  
  196  19:20  Viking  
  197  19:27  Viking  
  198  19:51  Sensor Tower  
  191  19:52  Viking  
  191  19:53  Liberator, Ghost, Viking  
  191  19:54  Marine  
  196  20:03  Orbital Command  
  196  20:05  Medivac x2  
  194  20:27  Liberator  
  194  20:28  Liberator  
  194  20:32  SCV x5  
  199  20:44  SCV  
  193  20:51  Liberator  
  193  20:52  Liberator x3  
  193  20:55  Orbital Command  
  191  21:12  SCV x2  
  191  21:17  SCV x2  
  195  21:22  Nuke  
  195  21:23  Nuke, Sensor Tower  
  195  21:24  SCV  
  194  21:30  SCV  
  184  21:49  Viking  
  180  21:55  Orbital Command  
  177  22:06  Marine x3  
  177  22:07  Marauder  
  173  22:18  Marine  
  174  22:31  Ghost  
  174  22:32  Ghost  
  176  22:40  Marine x4  
  176  22:41  Marauder x2  
  181  22:49  SCV x3, Missile Turret  
  184  22:58  Marine x5, Marauder  
  188  23:01  SCV, Marauder  
  188  23:11  Marine x2  
Tags
 
Add a new tag
Caveats
  • Supply blocks, unpowered buildings, or Contaminate may cause inaccurate times.
  • Supply counts are checked every 10 seconds.